 Dungeon Crawl Stone Soup version 0.30.1 (webtiles) character file.

Game seed: 2109626805547014142

1514 Fodor the Slasher (level 8, 0/70 HPs)
             Began as a Minotaur Fighter on July 13, 2023.
             Slain by a yak (9 damage)
             ... on level 6 of the Dungeon.
             The game lasted 00:27:02 (4528 turns).

Fodor the Slasher (Minotaur Fighter)                Turns: 4528, Time: 00:27:02

Health: 0/70       AC: 11    Str: 23    XL:     8   Next: 53%
Magic:  7/7        EV:  9    Int:  5    God:
Gold:   218        SH:  5    Dex: 10    Spells: 6/7 levels left

rFire   . . .        E - +4 flail
rCold   . . .        c - +0 buckler
rNeg    . . .        b - +0 chain mail
rPois   .            (helmet restricted)
rElec   .            (no cloak)
rCorr   .            t - +0 pair of gloves
SInv    .            (no boots)
Will    .....        x - amulet of regeneration Stlth
                     (no ring)
HPRegen 1.11/turn    (no ring)
MPRegen 0.10/turn

%: no passive effects
@: no status effects
A: horns 2, retaliatory headbutt
a: no special abilities


You were on level 6 of the Dungeon.
You visited 1 branch of the dungeon, and saw 6 of its levels.
You also visited: Sewer.

You collected 218 gold pieces.

Inventory:

Hand Weapons
 q - a +1 war axe
 z - a +4 dagger
 E - a +4 flail (weapon)
Missiles
 k - 11 poisoned darts (quivered)
Armour
 b - a +0 chain mail (worn)
 c - a +0 buckler (worn)
 t - a +0 pair of gloves (worn)
Jewellery
 x - an amulet of regeneration (around neck)
Wands
 w - a wand of flame (25)
 C - a wand of charming (13)
Scrolls
 e - a scroll of fog
 f - a scroll of enchant weapon
 h - a scroll of noise
 j - a scroll of amnesia
 l - a scroll of magic mapping
 m - 2 scrolls of vulnerability
 p - a scroll of poison {unknown}
 r - a scroll of fear
 s - a scroll of blinking {unknown}
 y - a scroll of torment {unknown}
 A - a scroll of enchant armour {unknown}
 B - a scroll of teleportation {unknown}
 D - a scroll of silence {unknown}
Potions
 d - a potion of might
 g - 3 potions of curing {unknown}
 i - a potion of resistance
 n - a potion of cancellation {unknown}
 o - a potion of attraction {unknown}
 u - a potion of lignification {unknown}
 v - a potion of haste {unknown}


   Skills:
 + Level 5.8 Fighting
 + Level 7.1 Long Blades
 + Level 3.6(3.9) Axes
 + Level 2.0(3.1) Maces & Flails
 + Level 1.4 Throwing
 + Level 7.1 Armour
 + Level 3.3 Dodging
 + Level 0.2 Stealth
 + Level 5.5 Shields


You had 6 spell levels left.
You knew the following spells:

 Your Spells              Type           Power      Damage    Failure   Level
a - Necrotise             Necr           0%         1d4       97%         1

Your spell library contained the following spells:

 Spells                   Type           Power      Damage    Failure   Level
 Apportation              Tloc           0%         N/A       97%         1
 Summon Small Mammal      Summ           0%         N/A       97%         1


Dungeon Overview and Level Annotations

Branches:
Dungeon (6/15)              Sewer (visited)
 Temple: D:4-7

Altars:
Hepliaklqana

Annotations:
D:3 3 runed translucent doors, Pepete's ghost, weakling MiBe


Innate Abilities, Weirdness & Mutations

You have a pair of horns on your head.
You reflexively headbutt those who attack you in melee.


Message History

You hit the yak.
The yak is moderately wounded.
The yak gores you but does no damage. The yak barely misses you.
You sock the yak! You headbutt the yak.
The yak is almost dead.
The yak gores you. x2
You hit the yak.
The yak is almost dead.
The yak barely misses you. The yak completely misses you.
You furiously retaliate!
You headbutt the yak. The yak completely misses you. You furiously retaliate!
You headbutt the yak.
You kill the yak!
The yak barely misses you.
Your base Maces & Flails skill increases to level 1!
Your Armour skill increases to level 7!
You barely miss the yak. You headbutt the yak!
The yak is heavily wounded.
The yak gores you but does no damage. You block the yak's attack.
You barely miss the yak. You headbutt the yak.
The yak is heavily wounded.
The yak gores you! The yak gores you.
You sock the yak!
The yak is severely wounded.
You block the yak's attack. The yak closely misses you.
You furiously retaliate!
You headbutt the yak. The yak gores you! The yak gores you.
* * * LOW HITPOINT WARNING * * *
You hit the yak. Your headbutt misses the yak.
The yak is severely wounded.
The yak barely misses you. The yak closely misses you.
You thump the yak!
You kill the yak!
You block the yak's attack. x2
Your base Maces & Flails skill increases to level 2!
The yak gores you!
* * * LOW HITPOINT WARNING * * *
The yak gores you!
* * * LOW HITPOINT WARNING * * *
The yak attacks as you move away! The yak gores you!
You die...

#..#.. .##..
##. #..###.
#. ###.
#..###.>#
#... #.....#
#..gl...
#.###.#
...g#.## ##.#
.# ......
#..# .# ###
......
#.####.#.....
....#
#.#.Y@...#
##..
#.#.##.#..#
#. #.!.# .#
..# ##### .#
# .# .# .# ..


You could see a yak.

Vanquished Creatures
  Grinder (D:3)
  2 yaks (D:6)
  A water moccasin (D:6)
  Pargi (Sewer)
  An ogre (D:5)
  A phantom (D:3)
  3 scorpions
  A hound (D:5)
  An orc priest (D:3)
  An orc wizard (D:3)
  Jessica (D:2)
  3 iguanas
  12 gnolls
  8 adders
  A river rat (D:3)
  A shadow imp (D:5)
  An ufetubus (D:5)
  2 worms
  4 dart slugs
  7 orcs (D:3)
  7 endoplasms
  7 giant cockroaches
  7 goblins
  7 hobgoblins
  4 jackals
  A quokka (D:4)
  6 ball pythons
  6 bats
  4 frilled lizards
  12 kobolds
  8 rats
122 creatures vanquished.

Notes
Turn   | Place    | Note
-------+----------+-------------------------------------------
     0 | D:1      | Fodor the Minotaur Fighter began the quest for the Orb.
     0 | D:1      | Reached XP level 1. HP: 19/19 MP: 0/0
   311 | D:1      | Reached XP level 2. HP: 19/27 MP: 1/1
   996 | D:1      | Reached XP level 3. HP: 33/33 MP: 2/2
  1332 | D:2      | Found a hazy altar of Hepliaklqana.
  1627 | D:2      | Noticed Jessica
  1630 | D:2      | Killed Jessica
  1631 | D:2      | Reached XP level 4. HP: 28/40 MP: 3/3
  1978 | D:3      | Found a glowing drain.
  2058 | Sewer    | Entered a sewer
  2201 | Sewer    | Noticed Pargi
  2204 | Sewer    | Killed Pargi
  2205 | Sewer    | Reached skill level 5 in Armour
  2205 | Sewer    | Reached skill level 1 in Dodging
  2205 | Sewer    | Reached XP level 5. HP: 47/47 MP: 4/4
  2558 | D:3      | Noticed a phantom
  2589 | D:3      | Killed a phantom
  2590 | D:3      | Reached XP level 6. HP: 40/53 MP: 5/5
  2711 | D:3      | Noticed Pepete's ghost (weakling MiBe)
  2741 | D:3      | Reached skill level 5 in Long Blades
  3148 | D:3      | Noticed Grinder
  3172 | D:3      | Killed Grinder
  3173 | D:3      | Reached skill level 5 in Fighting
  3173 | D:3      | Reached skill level 5 in Shields
  3173 | D:3      | Reached XP level 7. HP: 23/61 MP: 6/6
  3353 | D:3      | Found a runed translucent gate.
  3353 | D:3      | Found a runed translucent gate.
  3358 | D:3      | Found a runed translucent gate.
  3797 | D:4      | Learned a level 1 spell: Necrotise
  3997 | D:5      | Entered Level 5 of the Dungeon
  4038 | D:5      | Reached skill level 1 in Axes
  4178 | D:5      | Reached XP level 8. HP: 69/69 MP: 7/7
  4217 | D:5      | Reached skill level 1 in Throwing
  4519 | D:6      | Reached skill level 1 in Maces & Flails
  4528 | D:6      | Slain by a yak

Illustrated notes

Levels and vault maps discovered:
D:1:      lemuel_arrival_behind_the_door_large, layout_basic,
          grunt_decor_fettered, chequers_serial_rivers_room_b
D:2:      layout_basic, basic_altar, uniq_jessica
D:3:      layout_basic, portal_sewer_entry_a, gammafunk_ghost_icy,
          chequers_avenue, uniq_grinder
D:4:      layout_rooms
D:5:      layout_rooms
D:6:      layout_rooms, nzn_overflow_gifts_of_might_and_magic,
          lemuel_doored_altar, uniq_crazy_yiuf_cottage

Skill      XL: |  1  2  3  4  5  6  7  8 |
---------------+-------------------------+-----
Armour         | 4 5 6 7 |  7.1
Shields        | 4 5 |  5.5
Fighting       | 4 5 |  5.8
Long Blades    | 3 4 5 6 7 |  7.1
Dodging        | 1 2 3 |  3.3
Axes           | 1 3 |  3.6
Throwing       | 1 |  1.4
Maces & Flails | 2 |  2.0
Stealth        | |  0.2

Action                     |  1- 3 |  4- 6 |  7- 9 || total
---------------------------+-------+-------+-------++-------
  Melee: Long sword        |    90 |   127 |    53 ||   270
         Headbutt          |     9 |    20 |    18 ||    47
         War axe           |       |       |    57 ||    57
         Flail             |       |       |    25 ||    25
  Throw: Dart              |       |     5 |     9 ||    14
    Use: Scroll            |       |       |     8 ||     8
         Potion            |       |       |     2 ||     2
 Armour: Scale mail        |    59 |    58 |       ||   117
         Chain mail        |       |    40 |    70 ||   110
  Dodge: Dodged            |    49 |    82 |    86 ||   217
  Block: Buckler           |    29 |    29 |    45 ||   103
